 Dungeon Crawl Stone Soup version 0.23.2-1-ga50397a6bc (webtiles) character file.

Game seed: 11404154804900823127

8927 RKaidSD the Fighter (level 11, -9/184 HPs)
             Began as an Ogre Wizard on May 3, 2019.
             Was an Elder of Okawaru.
             Mangled by Snorg (12 damage)
             ... on level 10 of the Dungeon on May 4, 2019.
             The game lasted 01:21:36 (22363 turns).

RKaidSD the Fighter (Ogre Wizard)                  Turns: 22363, Time: 01:21:36

Health: -9/184     AC: 25    Str: 14    XL:     11   Next: 38%
Magic:  16/23      EV:  1    Int: 21    God:    Okawaru [****..]
Gold:   392        SH:  0    Dex:  7    Spells: 17/26 levels left

rFire    . . .     SeeInvis .   e - +1 halberd (elec)
rCold    . . .     Gourm    .   (shield currently unavailable)
rNeg     + + +     Faith    .   (armour currently unavailable)
rPois    +         Spirit   .   (helmet currently unavailable)
rElec    .         Reflect  .   (cloak currently unavailable)
rCorr    .         Harm     .   (gloves unavailable)
MR       +....     NoTele   +   (boots unavailable)
Stlth    ++++......             (no amulet)
HPRegen  0.40/turn              l - ring of wizardry {Wiz+}
MPRegen  0.18/turn              x - ring of stealth {Stlth+}

@: tree-form, heroism
A: large, unfitting armour
a: Heroism, Renounce Religion


You were on level 10 of the Dungeon.
You worshipped Okawaru.
Okawaru was greatly pleased with you.
You were near starving.
You were a tree.
You visited 2 branches of the dungeon, and saw 11 of its levels.
You also visited: Bailey.

You collected 444 gold pieces.
You spent 52 gold pieces at shops.

Inventory:

Hand Weapons
 a - a +2 hand axe of flaming
   (You found it on level 1 of the Dungeon)
 e - a +1 halberd of electrocution (weapon)
   (You took it off a gnoll in a bailey)
 g - the cursed +2 flail "Cunuixer" {freeze, rN++}
   (You took it off an orc on level 4 of the Dungeon)

   It has been specially enchanted to freeze those struck by it, causing extra
   injury to most foes and up to half again as much damage against particularly
   susceptible opponents.
   It can also slow down cold-blooded creatures.
   It greatly protects you from negative energy.
   It has a curse placed upon it.
 j - a +2 trident of pain
   (You found it on level 4 of the Dungeon)
 r - a +0 dire flail of holy wrath
   (You took it off Edmund on level 4 of the Dungeon)
 w - a +0 blowgun
   (You took it off a kobold on level 7 of the Dungeon)
 A - a +0 short sword of draining
   (You took it off an orc on level 5 of the Dungeon)
 F - a +4 dagger of protection
   (You took it off Maurice on level 8 of the Dungeon)
Missiles
 d - 9 large rocks (quivered) {!d}
 y - 4 curare-tipped needles
 B - 47 poisoned needles
Armour
 k - a +0 hat (melded)
 I - a +0 cloak (melded)
   (You took it off Maurice on level 8 of the Dungeon)
 K - a scarf of spirit shield
   (You acquired it on level 9 of the Dungeon)
 P - a +0 robe (melded)
   (You took it off an orc wizard on level 9 of the Dungeon)
Magical Staves
 b - an uncursed staff of wizardry {wiz+, !a}
   (You found it on level 8 of the Dungeon)
Jewellery
 l - a ring of wizardry (left branch) {Wiz+}
   (You found it on level 2 of the Dungeon)
 x - a ring of stealth (right branch) {Stlth+}
   (You found it on level 9 of the Dungeon)
Wands
 q - a wand of flame (2)
   (You took it off Joseph on level 9 of the Dungeon)
 C - a wand of clouds (2)
   (You found it on level 8 of the Dungeon)
 D - a wand of digging (2)
   (You found it on level 6 of the Dungeon)
Scrolls
 i - a scroll of identify
 o - 4 scrolls of remove curse
 s - a scroll of silence
 t - a scroll of teleportation
 v - 2 scrolls of amnesia
 z - a scroll of enchant weapon
 L - a scroll of fog
Potions
 c - 6 potions of curing
 h - a potion of heal wounds
 m - 3 potions of cancellation
 n - 2 potions of lignification {!q}
 p - a potion of resistance
 u - 3 potions of agility
 E - a potion of invisibility {unknown}
 G - 4 potions of magic
 H - a potion of flight
 J - a potion of berserk rage {!q}
 M - 3 potions of might
 N - 2 potions of haste
 Q - a potion of brilliance {unknown}
Comestibles
 f - 10 rations


   Skills:
 + Level 12.2(17.2) Fighting
 + Level 6.8(11.8) Axes
 + Level 6.8(11.8) Dodging
 - Level 1.4(6.4) Stealth
 - Level 8.0 Spellcasting
 - Level 6.0 Conjurations
   Level 0.8 Summonings
 - Level 2.0 Translocations
 - Level 5.0 Invocations


You had 17 spell levels left.
You knew the following spells:

 Your Spells              Type           Power        Failure   Level  Hunger
a - Magic Dart            Conj           ####         1%          1    None
c - Mephitic Cloud        Conj/Pois/Air  ###.....     4%          3    None
d - Conjure Flame         Conj/Fire      ###.....     2%          3    None
B - Blink                 Tloc           N/A          2%          2    None

Your spell library contained the following spells:

 Spells                   Type           Power        Failure   Level  Hunger
 Call Imp                 Summ           ##......     3%          2    None
 Slow                     Hex            #.......     4%          2    None


Dungeon Overview and Level Annotations

Branches:
Dungeon (10/15)            Temple (1/1) D:5            Lair (0/6) D:9
    Orc: D:9-12

Altars:
Ashenzari
Cheibriados
Elyvilon
Fedhas
Kikubaaqudgha
Nemelex Xobeh
Okawaru
Sif Muna
Trog
Wu Jian
Yredelemnul

Shops:
D:7 ?

Annotations:
D:9 exclusion: 2 downstairs
D:10 exclusion: Erolcha, Erolcha, Harold, Snorg


Innate Abilities, Weirdness & Mutations

You are too large for most types of armour.
((You have tough skin. (AC +1)))


Message History

You puncture the gargoyle!
You destroy the gargoyle!
Okawaru is honoured by your kill.
You start resting.
You feel like a meek peon again.
You start resting.
You are feeling very hungry.
You see here a +0 leather armour.
There is a stone staircase leading down, spattered with blood here.
You start resting.
You climb downwards.
Level annotation: exclusion: Erolcha, Erolcha, Harold, Snorg
There is a stone staircase leading up, spattered with blood here.
You see here 8 stones.
Unknown command.
Okay, then.
f - 10 rations (gained 1)
You now have 392 gold pieces (gained 13).
Found a stone staircase leading down.
Casting: Mephitic Cloud (safe; 4% risk of failure)
Confirm with . or Enter, or press ? or * to list all spells.
Aiming: Magic Dart (safe; 1% risk of failure)
Press: ? - help, Shift-Dir - straight line, f - Snorg
Aim: Snorg (hasn't noticed you)
The magic dart hits Snorg!
Snorg shouts!
Casting: Magic Dart (safe; 1% risk of failure)
Confirm with . or Enter, or press ? or * to list all spells.
Aiming: Magic Dart (safe; 1% risk of failure)
Press: ? - help, Shift-Dir - straight line, f/p - Snorg
Aim: Snorg (lightly wounded)
The magic dart hits Snorg.
Casting: Magic Dart (safe; 1% risk of failure)
Confirm with . or Enter, or press ? or * to list all spells.
Aiming: Magic Dart (safe; 1% risk of failure)
Press: ? - help, Shift-Dir - straight line, f/p - Snorg
Aim: Snorg (lightly wounded)
The magic dart hits Snorg.
Casting: Magic Dart (safe; 1% risk of failure)
Confirm with . or Enter, or press ? or * to list all spells.
Aiming: Conjure Flame (safe; 2% risk of failure)
Press: ? - help, Dir - move target cursor, p - Snorg The fire ignites!
Snorg goes berserk!
Casting: Conjure Flame (safe; 2% risk of failure)
Confirm with . or Enter, or press ? or * to list all spells.
Aiming: Magic Dart (safe; 1% risk of failure)
Press: ? - help, Shift-Dir - straight line, f - Snorg
Aim: Snorg (lightly wounded, berserk, fast, unusually strong)
The magic dart hits Snorg.
The deep elf mage shouts!
You hit Snorg.
The deep elf mage gestures wildly while chanting.
The deep elf mage blinks!
Snorg is engulfed in blazing flames.
Snorg barely misses you. Snorg misses you. Snorg barely misses you.
You hit Snorg.
Snorg is engulfed in blazing flames.
Snorg bites you! Snorg claws you. Snorg claws you but does no damage.
Snorg is engulfed in blazing flames.
Snorg closely misses you. x2
Snorg claws you!!
You gain the combat prowess of a mighty hero.
Snorg is engulfed in blazing flames.
Snorg bites you. Snorg completely misses you. Snorg claws you.
Snorg is engulfed in blazing flames.
Snorg bites you! Snorg claws you! Snorg claws you.
You completely miss Snorg.
You are near starving!
Snorg is engulfed in blazing flames.
Snorg closely misses you. Snorg misses you. Snorg closely misses you.
You hit Snorg.
Snorg is engulfed in blazing flames.
Snorg bites you!! Snorg claws you.
* * * LOW HITPOINT WARNING * * *
Snorg claws you!
* * * LOW HITPOINT WARNING * * *
Snorg is engulfed in blazing flames.
Snorg misses you. Snorg closely misses you. Snorg claws you!
* * * LOW HITPOINT WARNING * * *
Okay, then.
Adjust (i)tems, (s)pells, or (a)bilities?
Adjust which item? (? for menu, Esc to quit)
L - 2 potions of heal wounds Adjust to which letter? (? for menu, Esc to quit)
h - 2 potions of heal wounds;
L - a scroll of fog You feel much better.
Snorg is engulfed in blazing flames.
Snorg bites you but does no damage. Snorg misses you. Snorg closely misses you.
Really quaff
n - 3 potions of lignification {!q}?
Really quaff the potion of lignification?
You turn into a tree.
Your +0 cloak melds into your body.
Your +0 hat melds into your body.
Your +0 robe melds into your body.
Your roots penetrate the ground.
Snorg is engulfed in blazing flames.
Snorg bites you!
* * * LOW HITPOINT WARNING * * *
Snorg claws you but does no damage. x2
The deep elf mage gestures wildly while chanting.
The deep elf mage blinks!
Snorg is engulfed in blazing flames.
Snorg bites you but does no damage. Snorg claws you but does no damage.
Snorg claws you.
* * * LOW HITPOINT WARNING * * *
You slash Snorg!
Snorg is engulfed in blazing flames.
Snorg bites you!!
* * * LOW HITPOINT WARNING * * *
Snorg claws you!
You die...

........####.# ..#.# ....
.........#...##....#..#.#
..
#........................
#..........(.....# ......
..#.####....##..# #...§..
.##............## ......#
.....# #........# .....#
....####...#....##.....#
......##...###..♣T...e.#
...#........##.###...>.#
..##.......###.# .......
.####.#........# #......
## ###......... ...... #
.........# ......
..........# ....#
#.........## ....#
#..........


You could see Snorg (berserk) and a deep elf mage.

Vanquished Creatures
  A two-headed ogre (D:8)
  An orc knight (Bailey)
  Maurice (D:8)
  Psyche (D:8)
  Joseph (D:9)
  A gargoyle (D:9)
  A komodo dragon (D:9)
  A hippogriff (D:9)
  A wyvern (D:9)
  4 yaks
  Edmund (D:4)
  Duvessa (D:6)
  4 orc warriors
  2 ice beasts
  3 sky beasts
  2 phantoms
  A black bear (D:7)
  A necrophage (D:5)
  5 ogres
  5 centaurs
  2 big kobolds
  6 bullfrogs
  7 scorpions
  Dowan (D:6)
  4 killer bees (D:8)
  5 wights
  3 electric eels
  3 howler monkeys (D:8)
  2 crimson imps (D:7)
  2 bullfrog zombies
  A centaur zombie (D:2)
  8 hounds
  2 quasits
  5 jellies
  9 orc wizards
  2 bullfrog skeletons
  6 orc priests
  Crazy Yiuf (D:7)
  2 iguanas (D:8)
  4 worker ants
  A killer bee zombie (D:6)
  A hound zombie (D:6)
  A hound skeleton (D:8)
  17 gnolls
  14 adders
  2 shadow imps (D:6)
  5 oozes (D:8)
  4 worms
  2 dart slugs
  10 leopard geckos
  34 orcs
  2 giant cockroaches
  7 goblins
  16 hobgoblins
  9 jackals
  21 kobolds
  7 quokkas
  2 ball pythons
  7 bats
  3 frilled lizards
  A quokka zombie (D:5)
  8 rats
287 creatures vanquished.

Vanquished Creatures (others)
  A plant (D:9)
1 creature vanquished.

Grand Total: 288 creatures vanquished

Notes
Turn   | Place    | Note
-------+----------+-------------------------------------------
     0 | D:1      | RKaidSD the Ogre Wizard began the quest for the Orb.
     0 | D:1      | Reached XP level 1. HP: 16/16 MP: 5/5
     6 | D:1      | Reached skill level 1 in Conjurations
   313 | D:1      | Reached XP level 2. HP: 26/26 MP: 3/6
   317 | D:1      | Learned a level 2 spell: Blink
   334 | D:1      | Reached skill level 1 in Fighting
   860 | D:1      | Reached XP level 3. HP: 30/33 MP: 5/8
   918 | D:1      | Reached skill level 2 in Conjurations
  1029 | D:1      | Reached skill level 4 in Spellcasting
  2078 | D:2      | Found a faded altar of an unknown god.
  2118 | D:2      | HP: 7/35 [centaur zombie (6)]
  2432 | D:2      | Learned a level 3 spell: Conjure Flame
  2436 | D:2      | Learned a level 3 spell: Mephitic Cloud
  2864 | D:2      | Found a snail-covered altar of Cheibriados.
  2867 | D:2      | Found an iron altar of Okawaru.
  2880 | D:2      | Reached skill level 2 in Fighting
  2886 | D:2      | Found a sparkling altar of Nemelex Xobeh.
  2903 | D:2      | Became a worshipper of Warmaster Okawaru
  2920 | D:2      | Found an ornate altar of the Wu Jian Council.
  2920 | D:2      | Found a shattered altar of Ashenzari.
  2947 | D:2      | Reached XP level 4. HP: 29/42 MP: 7/10
  3296 | D:2      | Reached skill level 1 in Axes
  3634 | D:2      | Found a bloodstained altar of Trog.
  4030 | D:3      | Reached skill level 2 in Axes
  4030 | D:3      | Reached XP level 5. HP: 30/52 MP: 3/11
  4044 | D:3      | HP: 10/52 [hound (4)]
  4052 | D:3      | HP: 10/52 [hound (1)]
  4087 | D:3      | HP: 8/52 [hound (3)]
  4122 | D:2      | HP: 10/52 [hound (3)]
  4461 | D:2      | Reached skill level 3 in Fighting
  4760 | D:3      | Found an ancient bone altar of Kikubaaqudgha.
  4762 | D:3      | Found a blossoming altar of Fedhas.
  5110 | D:4      | Noticed a sky beast
  5205 | D:4      | Reached skill level 3 in Axes
  5205 | D:4      | Reached skill level 3 in Conjurations
  5205 | D:4      | Reached XP level 6. HP: 61/61 MP: 2/12
  5496 | D:4      | Reached * piety under Okawaru
  5496 | D:4      | Reached skill level 4 in Fighting
  5788 | D:4      | Reached XP level 7. HP: 71/71 MP: 7/13
  5804 | D:4      | Reached skill level 4 in Axes
  5804 | D:4      | Reached skill level 1 in Invocations
  6178 | D:4      | Reached skill level 5 in Fighting
  6178 | D:4      | Reached skill level 2 in Invocations
  6456 | D:4      | Noticed Edmund
  6457 | D:4      | Reached skill level 4 in Conjurations
  6576 | D:4      | Identified the cursed +2 flail "Cunuixer" {freeze, rN++}
  6577 | D:4      | Reached ** piety under Okawaru
  6706 | D:4      | Found a deep blue altar of Sif Muna.
  6714 | D:4      | Reached skill level 3 in Invocations
  6825 | D:4      | Killed Edmund
  6825 | D:4      | Reached skill level 6 in Fighting
  6825 | D:4      | Reached XP level 8. HP: 50/83 MP: 0/14
  7125 | D:5      | Entered Level 5 of the Dungeon
  7469 | D:5      | Noticed a yak
  7472 | D:5      | Reached skill level 4 in Invocations
  7480 | D:5      | Killed a yak
  7480 | D:5      | Reached skill level 5 in Conjurations
  7671 | D:5      | Reached skill level 7 in Fighting
  8322 | D:5      | Found a staircase to the Ecumenical Temple.
  8328 | Temple   | Entered the Ecumenical Temple
  8563 | D:6      | Reached *** piety under Okawaru
  8563 | D:6      | Reached skill level 5 in Invocations
  8785 | D:6      | Reached skill level 1 in Translocations
  9096 | D:6      | Reached XP level 9. HP: 94/94 MP: 5/15
  9686 | D:6      | Reached skill level 8 in Fighting
  9686 | D:6      | Reached skill level 2 in Translocations
  9752 | D:5      | HP: 23/95 [poisoned by a scorpion]
  9757 | D:5      | HP: 20/95 [poisoned by a scorpion]
  9762 | D:5      | HP: 19/95 [poisoned by a scorpion]
  9767 | D:5      | HP: 18/95 [poisoned by a scorpion]
  9774 | D:5      | HP: 18/95 [poisoned by a scorpion]
  9782 | D:5      | HP: 18/95 [poisoned by a scorpion]
 10104 | D:6      | Noticed Duvessa
 10105 | D:6      | Noticed Dowan
 10458 | D:5      | Reached skill level 5 in Spellcasting
 10458 | D:5      | Reached skill level 6 in Conjurations
 10694 | D:6      | Reached skill level 2 in Dodging
 11193 | D:6      | Found a white marble altar of Elyvilon.
 11248 | D:6      | Found a basalt altar of Yredelemnul.
 11743 | D:7      | Found a runed translucent door.
 11744 | D:7      | Noticed Crazy Yiuf
 12577 | D:6      | Killed Dowan
 12604 | D:6      | Killed Duvessa
 12604 | D:6      | Reached skill level 9 in Fighting
 12899 | D:6      | Reached skill level 3 in Dodging
 12899 | D:6      | Reached skill level 6 in Spellcasting
 13093 | D:7      | Reached **** piety under Okawaru
 13212 | D:7      | Killed Crazy Yiuf
 13212 | D:7      | Reached skill level 5 in Axes
 14090 | D:7      | Reached XP level 10. HP: 81/106 MP: 0/19
 14626 | D:7      | Found Moikig's Magic Scroll Shoppe.
 14634 | D:7      | Bought a scroll of fog for 26 gold pieces
 14634 | D:7      | Bought a scroll of identify for 26 gold pieces
 14762 | D:7      | Reached skill level 4 in Dodging
 15048 | D:8      | Reached skill level 10 in Fighting
 15051 | D:8      | Reached skill level 7 in Spellcasting
 15630 | D:8      | Noticed Maurice
 15669 | D:8      | Noticed Psyche
 16149 | D:8      | Killed Maurice
 16315 | D:8      | Reached skill level 5 in Dodging
 16332 | D:8      | Killed Psyche
 17050 | D:9      | Noticed Joseph
 17069 | D:9      | Killed Joseph
 17069 | D:9      | Reached skill level 8 in Spellcasting
 17076 | D:9      | Reached skill level 11 in Fighting
 17296 | D:9      | Found a flagged portal.
 17410 | Bailey   | Entered a bailey
 17927 | Bailey   | Noticed an orc knight
 17966 | Bailey   | Killed an orc knight
 17966 | Bailey   | Reached XP level 11. HP: 104/119 MP: 4/23
 18416 | D:9      | Identified a scroll of acquirement
 18619 | D:9      | Reached skill level 6 in Axes
 18619 | D:9      | Reached skill level 6 in Dodging
 19831 | D:9      | Found a staircase to the Lair.
 20057 | D:9      | HP: 29/122 [komodo dragon (32)]
 20584 | D:10     | Entered Level 10 of the Dungeon
 20584 | D:10     | Noticed a two-headed ogre
 20608 | D:10     | Noticed Erolcha
 20668 | D:10     | Noticed Snorg
 21408 | D:8      | Killed a two-headed ogre
 21408 | D:8      | Reached ***** piety under Okawaru
 21408 | D:8      | Reached skill level 12 in Fighting
 21901 | D:10     | Noticed Harold
 21910 | D:10     | Noticed a deep elf mage
 21914 | D:10     | WTF
 22360 | D:10     | HP: 16/122 [Snorg (17)]
 22360 | D:10     | HP: 3/122 [Snorg (13)]
 22363 | D:10     | Mangled by Snorg

Skill      XL: |  1  2  3  4  5  6  7  8  9 10 11 |
---------------+----------------------------------+-----
Conjurations   | 1 2 3 4 5 6 |  6.0
Fighting       | 1 2 3 4 6 7 9 11 12 | 12.2
Spellcasting   | 4 6 8 |  8.0
Axes           | 2 3 4 5 6 |  6.8
Invocations    | 3 5 |  5.0
Translocations | 1 2 |  2.0
Dodging        | 3 5 6 |  6.8
Stealth        | |  1.4
Summonings     | |  0.8

Action                   |  1- 3 |  4- 6 |  7- 9 | 10-12 || total
-------------------------+-------+-------+-------+-------++-------
Melee: Dagger            |    14 |       |       |       ||    14
       Hand axe          |     8 |    38 |   165 |   123 ||   334
       Punch             |       |       |       |     2 ||     2
       Halberd           |       |       |       |     9 ||     9
 Fire: Hunting sling     |       |       |     2 |     1 ||     3
       Blowgun           |       |       |     1 |     9 ||    10
Throw: Stone             |    19 |       |       |       ||    19
       Large rock        |       |       |       |     5 ||     5
 Cast: Magic Dart        |   130 |    92 |   382 |   439 ||  1043
       Mephitic Cloud    |       |     7 |    14 |    23 ||    44
       Conjure Flame     |       |     2 |    16 |    19 ||    37
       Blink             |       |     1 |    11 |    14 ||    26
Invok: Heroism           |       |       |     6 |    15 ||    21
Evoke: Wand              |       |       |       |     3 ||     3
  Use: Scroll            |       |     8 |     2 |     7 ||    17
       Potion            |       |     2 |       |     2 ||     4
 Stab: Sleeping          |     1 |       |     1 |     1 ||     3
       Confused          |       |     3 |     2 |     4 ||     9
  Eat: Chunk             |     2 |     5 |    12 |    17 ||    36
       Ration            |     1 |     1 |     5 |     2 ||     9
Armor: Robe              |     3 |    14 |    84 |    32 ||   133
       Skin              |       |       |       |     4 ||     4
Dodge: Dodged            |    14 |    40 |   162 |   165 ||   381

Table legend:
 A = Turns spent in this place as a percentage of turns spent in the entire game.
 B = Non-inter-level travel turns spent in this place as a percentage of non-inter-level travel turns spent in the entire game.
 C = Inter-level travel turns spent in this place as a percentage of turns spent in this place.
 D = Turns resting spent in this place as a percentage of non-inter-level travel turns spent in this place.
 E = Turns spent auto-exploring this place as a percentage of non-inter-level travel turns spent in this place.
 F = Non-inter-level travel turns spent in this place divided by the number of levels of this place that you've seen.
                   A       B       C       D       E      F
               +-------+-------+-------+-------+-------+----------------------
         Total | 100.0 | 100.0 |   4.9 |  53.1 |  21.1 | 1771.6
       Dungeon |  95.5 |  95.3 |   5.2 |  53.0 |  21.8 | 2025.7
        Temple |   0.0 |   0.0 |   0.0 |   0.0 |   0.0 |   2.0
        Bailey |   4.5 |   4.7 |   0.0 |  55.8 |   8.0 | 1000.0
               +-------+-------+-------+-------+-------+----------------------

Table legend:
 A = Kills in this place as a percentage of kills in entire the game.
 B = Kills by you in this place as a percentage of kills by you in the entire game.
 C = Kills by friends in this place as a percentage of kills by friends in the entire game.
 D = Other kills in this place as a percentage of other kills in the entire game.
 E = Experience gained in this place as a percentage of experience gained in the entire game.
 F = Experience gained in this place divided by the number of levels of this place that you have seen.
                   A       B       C       D       E      F
               +-------+-------+-------+-------+-------+----------------------
         Total | 100.0 | 100.0 |   N/A | 100.0 | 100.0 | 1062.8
       Dungeon |  88.2 |  88.7 |   N/A |  60.0 |  93.5 | 1192.7
        Bailey |  11.8 |  11.3 |   N/A |  40.0 |   6.5 | 827.0
               +-------+-------+-------+-------+-------+----------------------
